 Dungeon Crawl Stone Soup version 0.29.1-2-gbd0b4ee654 (webtiles) character file.

Game seed: 11719846526012302348

17740 mcbry74 the Severer (level 12, -5/110 HPs)
             Began as a Hill Orc Fighter on Nov 4, 2022.
             Was a High Priest of Okawaru.
             Slain by a reaper
             ... wielding a +1 scythe of freezing
              (36 damage)
             ... in an ice cave.
             The game lasted 00:44:45 (13924 turns).

mcbry74 the Severer (Hill Orc Fighter)             Turns: 13924, Time: 00:44:45

Health: -5/110     AC: 24    Str: 24    XL:     12   Next: 51%
Magic:  7/14       EV:  9    Int:  8    God:    Okawaru [*****.]
Gold:   862        SH:  0    Dex: 13    Spells: 11/11 levels left

rFire   x x .      SeeInvis .   Q - +4 battleaxe (vamp)
rCold   + + .      Faith    .   (shield currently unavailable)
rNeg    . . .      Spirit   .   R - +0 plate armour
rPois   .          Reflect  .   W - +4 helmet of Meliown {+Blink Dex+3}
rElec   .          Harm     .   (no cloak)
rCorr   .          Rampage  .   (no gloves)
Will    .....                   n - +0 pair of boots
Stlth   ..........              (no amulet)
HPRegen 0.28/turn               G - ring of ice
MPRegen 0.14/turn               u - ring of ice

@: heroic, finesse-ful, studying Throwing
A: no striking features
a: Renounce Religion, Evoke Blink, Heroism, Finesse, Duel


You were in an ice cave.
You worshipped Okawaru.
Okawaru was extremely pleased with you.
You visited 2 branches of the dungeon, and saw 13 of its levels.
You also visited: Ice Cave.

You collected 862 gold pieces.

Inventory:

Hand Weapons
 a - a +0 war axe
 k - a +1 sling of flaming
 m - a +3 spear
 C - a +0 shortbow
 I - a +3 flail
 L - a +0 war axe
 N - a +3 antimagic trident
 P - a +3 hand axe
 Q - a +4 vampiric battleaxe (weapon)
Missiles
 w - 6 boomerangs
 E - 30 poisoned darts
 K - 2 throwing nets
 S - 2 silver javelins (quivered)
 T - 2 javelins
 V - a silver boomerang
Armour
 b - a +0 scale mail
 c - a +1 buckler
 n - a +0 pair of boots (worn)
 q - a +0 leather armour of cold resistance
 v - +0 acid dragon scales
 y - a +0 helmet
 R - a +0 plate armour (worn)
 U - a scarf of resistance
 W - the +4 helmet of Meliown (worn) {+Blink Dex+3}
   (Okawaru gifted it to you on level 10 of the Dungeon)

   Dex:       It affects your dexterity (+3).
   +Blink:    It lets you blink.
Jewellery
 h - an amulet of faith
 o - the ring "Anegg" {rPois rF+ Int+4 Slay+4}
   (You found it on level 2 of the Dungeon)

   [ring of slaying]

   Int:       It affects your intelligence (+4).
   Slay:      It affects your accuracy & damage with ranged weapons and melee
   (+4).
   rF:        It protects you from fire.
   rPois:     It protects you from poison.
 u - a ring of ice (right hand)
 B - a +4 ring of slaying
 G - a ring of ice (left hand)
Wands
 s - a wand of mindburst (10)
 x - a wand of roots (4)
 M - a wand of digging (1)
Scrolls
 e - 7 scrolls of teleportation
 l - a scroll of noise
 p - 2 scrolls of immolation
 r - 3 scrolls of fear
 z - 2 scrolls of identify
 A - 2 scrolls of poison
Potions
 d - a potion of might
 f - 4 potions of lignification {unknown}
 g - 4 potions of attraction {unknown}
 i - 2 potions of heal wounds {unknown}
 j - 5 potions of degeneration {unknown}
 t - 2 potions of curing {unknown}
 D - 2 potions of mutation {unknown}
 F - 3 potions of cancellation {unknown}
 H - 2 potions of brilliance {unknown}
 J - 2 potions of resistance {unknown}
Miscellaneous
 O - a piece from Xom's chessboard (15/15)
 X - a lightning rod (4/4)


   Skills:
 + Level 11.4(16.4) Fighting
 * Level 16.3(21.3) Axes
 + Level 8.1(13.1) Throwing
 + Level 10.4(15.4) Armour
 - Level 7.0(12.0) Shields
 + Level 3.9 Invocations
 + Level 2.8 Evocations


You had 11 spell levels left.
You didn't know any spells.
Your spell library contained the following spells:

 Spells                   Type           Power      Damage    Failure   Level
 Apportation              Tloc           0%         N/A       97%         1
 Freeze                   Ice            0%         1d3       97%         1
 Necrotise                Necr           0%         1d4       97%         1
 Confusing Touch          Hex            0%         N/A       100%        3
 Conjure Flame            Conj/Fire      0%         6-21      100%        3
 Ignite Poison            Fire/Tmut/Pois 0%         N/A       100%        3
 Anguish                  Hex/Necr       0%         N/A       100%        4
 Sticky Flame             Conj/Fire      0%         2d3       100%        4
 Freezing Cloud           Conj/Ice/Air   0%         6-21      100%        5
 Yara's Violent Unravell  Hex/Tmut       0%         3d3       100%        5
 Enfeeble                 Hex            0%         N/A       100%        7
 Polar Vortex             Ice            0%         N/A       100%        9
 Summon Small Mammal      Summ           Unusable   N/A       N/A         1
 Simulacrum               Ice/Necr       Unusable   N/A       N/A         6
 Monstrous Menagerie      Summ           Unusable   N/A       N/A         7

Dungeon Overview and Level Annotations

Branches:
Dungeon (11/15)            Temple (0/1) D:6            Lair (0/5) D:10
    Orc (2/2) D:10          IceCv (1/1)
    Elf: Orc:2

Altars:
Ashenzari
Fedhas
Gozag
Kikubaaqudgha
Makhleb
Nemelex Xobeh
Okawaru
Qazlal
Sif Muna
Trog
Uskayaw
Beogh

Shops:
D:2 *

Annotations:
D:3 3 runed translucent doors, p0werm0de's ghost, weakling OpMo


Message History

Okawaru accepts your kill.
You hit the two-headed ogre simulacrum.
The two-headed ogre simulacrum is lightly damaged.
The two-headed ogre simulacrum hits you but does no damage. x2
You hit the two-headed ogre simulacrum.
The two-headed ogre simulacrum is moderately damaged.
You slash the two-headed ogre simulacrum!
The two-headed ogre simulacrum is almost destroyed.
The two-headed ogre simulacrum hits you but does no damage.
The two-headed ogre simulacrum closely misses you.
You slash the two-headed ogre simulacrum!
The two-headed ogre simulacrum vaporises!
Okawaru accepts your kill. Okawaru grants you throwing weapons!
Something appears at your feet!
S - 2 silver javelins (gained 1)
You slice the elephant simulacrum!!
The elephant simulacrum vaporises!
Okawaru accepts your kill.
You start resting.
You are engulfed in freezing vapours.
You resist.
You're standing in a cloud of freezing vapour!
You start resting.
You are engulfed in freezing vapours.
You resist.
You see here a lightning rod (4/4).
X - a lightning rod (4/4)
A reaper comes into view. It is wielding a +1 scythe of freezing.
You see here Hiw Mac's Anthology of Unified Snow.
You pick up Hiw Mac's Anthology of Unified Snow and begin reading...
You add the spell Freeze to your library.
You can now deal lightning-fast blows.
You gain the combat prowess of a mighty hero.
An anaconda simulacrum, an elephant simulacrum and a troll simulacrum come into view.
The reaper hits you from afar with a +1 scythe of freezing!!
The reaper freezes you.
* * * LOW HITPOINT WARNING * * *
You see here 21 gold pieces.
A troll simulacrum comes into view.
The reaper hits you with a +1 scythe of freezing!!!
You die...

#.Z..
##....
#....Z###
.......#
ZZ...$#
#...$#
##.2$#
#$$@$#
#$$$"#
##$.)#
#####..)#
##.#.##.##
#§§☼§§.##
##§§§§☼##
#.§§§§☼.#
#
##.§§§.##


You could see a reaper, an anaconda simulacrum, an elephant simulacrum and 2
troll simulacra.

Vanquished Creatures
  An orc warlord (Orc:2)
  3 two-headed ogres
  A death yak (D:10)
  Sonja (Orc:2)
  Pikel (D:8)
  2 ugly things
  An anaconda simulacrum (IceCv)
  2 komodo dragons
  2 rime drakes (D:11)
  3 trolls
  Prince Ribbit (D:7)
  A vampire (D:10)
  2 shadows
  A wyvern (D:10)
  16 yaks
  A wraith (D:11)
  A steam dragon (D:8)
  A basilisk (D:10)
  An acid dragon (D:8)
  3 wargs (Orc:2)
  A water moccasin (D:4)
  8 orc warriors
  5 black bears
  3 ice beasts
  2 ogres
  5 centaurs
  3 phantoms
  2 lemures (D:8)
  A kobold brigand (D:8)
  4 bullfrogs
  Blork the orc (D:4)
  4 scorpions
  A necrophage (D:6)
  A gnoll sergeant (D:7)
  A cane toad simulacrum (IceCv)
  3 two-headed ogre simulacra (IceCv)
  20 wights
  15 killer bees
  2 troll zombies (D:10)
  2 elephant simulacra (IceCv)
  4 howler monkeys
  5 hounds
  A jelly (D:6)
  9 orc priests
  A gnoll bouda (D:7)
  Jessica (D:2)
  Ijyb (D:4)
  4 iguanas
  9 orc wizards
  2 troll simulacra (IceCv)
  2 polar bear simulacra (IceCv)
  6 spriggan simulacra (IceCv)
  4 ogre zombies (D:10)
  13 adders
  16 gnolls
  3 white imps
  2 ufetubi (IceCv)
  3 worms
  7 dart slugs
  45 orcs
  4 ball pythons
  5 endoplasms
  2 giant cockroaches
  10 goblins
  8 hobgoblins
  6 jackals (D:2)
  8 kobolds
  5 quokkas
  4 bats
  3 frilled lizards
  2 goblin zombies (D:10)
  A hobgoblin skeleton (D:10)
  3 hobgoblin zombies (D:10)
  2 orc skeletons (D:10)
  11 orc zombies (D:10)
  8 rats
349 creatures vanquished.

Vanquished Creatures (others)
  A fungus (D:10)
  7 plants
8 creatures vanquished.

Grand Total: 357 creatures vanquished

Notes
Turn   | Place    | Note
-------+----------+-------------------------------------------
     0 | D:1      | mcbry74 the Hill Orc Fighter began the quest for the Orb.
     0 | D:1      | Reached XP level 1. HP: 19/19 MP: 1/1
   138 | D:1      | Reached skill level 3 in Axes
   247 | D:1      | Reached XP level 2. HP: 18/27 MP: 2/2
   773 | D:1      | Reached XP level 3. HP: 32/33 MP: 3/3
  1263 | D:2      | Identified the ring "Anegg" {rPois rF+ Int+4 Slay+4}
  1346 | D:2      | Reached skill level 4 in Axes
  1379 | D:2      | Reached XP level 4. HP: 37/40 MP: 4/4
  1614 | D:2      | Noticed Jessica
  1639 | D:2      | Killed Jessica
  1640 | D:2      | Reached XP level 5. HP: 38/47 MP: 5/5
  1940 | D:2      | Found Giopsefi's General Store.
  2184 | D:3      | Noticed p0werm0de's ghost (weakling OpMo)
  2184 | D:3      | Found a runed translucent gate.
  2184 | D:3      | Found a runed translucent gate.
  2184 | D:3      | Found a runed translucent gate.
  2359 | D:3      | Reached skill level 5 in Axes
  2420 | D:3      | Found an opulent altar of Gozag.
  3024 | D:4      | Noticed Blork the orc
  3028 | D:4      | Killed Blork the orc
  3029 | D:4      | Reached XP level 6. HP: 48/55 MP: 6/6
  3075 | D:4      | Found a shimmering blue altar of Sif Muna.
  3147 | D:4      | Noticed Ijyb
  3148 | D:4      | Noticed a water moccasin
  3150 | D:4      | Reached skill level 5 in Fighting
  3152 | D:4      | Killed Ijyb
  3157 | D:4      | Killed a water moccasin
  3158 | D:4      | Reached skill level 6 in Axes
  3158 | D:4      | Reached XP level 7. HP: 38/61 MP: 7/7
  3340 | D:4      | Reached skill level 5 in Armour
  3340 | D:4      | Reached skill level 5 in Shields
  3357 | D:4      | Reached skill level 7 in Axes
  3595 | D:4      | Found a stormy altar of Qazlal.
  3743 | D:5      | Entered Level 5 of the Dungeon
  4119 | D:5      | Reached XP level 8. HP: 30/70 MP: 8/8
  4323 | D:5      | Found an ancient bone altar of Kikubaaqudgha.
  4378 | D:5      | Reached skill level 8 in Axes
  5087 | D:6      | Found an iron altar of Okawaru.
  5095 | D:6      | Became a worshipper of Warmaster Okawaru
  5104 | D:6      | Reached skill level 9 in Axes
  5158 | D:6      | HP: 1/70 [something (3)]
  5599 | D:6      | Reached XP level 9. HP: 78/79 MP: 9/9
  5926 | D:6      | Found a bloodstained altar of Trog.
  5936 | D:6      | Identified the +2 quarterstaff of Fedhas's Envy {vorpal,
                  | rElec Str+6}
  5952 | D:6      | Found a staircase to the Ecumenical Temple.
  5988 | D:6      | Reached * piety under Okawaru
  6093 | D:6      | Reached skill level 10 in Axes
  6946 | D:7      | Noticed Prince Ribbit
  6980 | D:7      | Killed Prince Ribbit
  7079 | D:7      | Reached skill level 11 in Axes
  7120 | D:7      | Reached ** piety under Okawaru
  7846 | D:7      | Found a burning altar of Makhleb.
  7872 | D:7      | Reached XP level 10. HP: 44/90 MP: 10/10
  8170 | D:7      | Reached skill level 12 in Axes
  8455 | D:7      | Identified a scroll of acquirement
  8455 | D:7      | Acquired a manual of Throwing
  8697 | D:8      | Reached skill level 1 in Throwing
  9094 | D:8      | Reached *** piety under Okawaru
  9489 | D:8      | Noticed Pikel
  9519 | D:8      | Killed Pikel
  9790 | D:8      | Found a blossoming altar of Fedhas.
  9838 | D:9      | Reached skill level 13 in Axes
  9839 | D:9      | Reached **** piety under Okawaru
 10084 | D:9      | Noticed a two-headed ogre
 10095 | D:9      | Killed a two-headed ogre
 10095 | D:9      | Received a gift from Okawaru
 10095 | D:9      | Reached ***** piety under Okawaru
 10096 | D:9      | Reached XP level 11. HP: 99/99 MP: 11/11
 10105 | D:9      | Noticed a two-headed ogre
 10122 | D:9      | Killed a two-headed ogre
 10123 | D:9      | Reached skill level 14 in Axes
 10123 | D:9      | Reached skill level 5 in Throwing
 10382 | D:9      | Found a hide-covered altar of Uskayaw.
 10534 | D:9      | Found a sparkling altar of Nemelex Xobeh.
 10648 | D:9      | Found a roughly hewn altar of Beogh.
 10758 | D:9      | Found a broken altar of Ashenzari.
 10770 | D:9      | Reached skill level 10 in Fighting
 10776 | D:9      | Received a gift from Okawaru
 11048 | D:10     | Entered Level 10 of the Dungeon
 11104 | D:10     | Found a staircase to the Orcish Mines.
 11373 | D:10     | Found a staircase to the Lair.
 11373 | D:10     | Noticed a death yak
 11856 | D:10     | Received a gift from Okawaru
 11997 | D:10     | Killed a death yak
 11998 | D:10     | Reached skill level 15 in Axes
 12079 | D:10     | Received a gift from Okawaru
 12102 | D:10     | Noticed a two-headed ogre
 12132 | D:10     | Killed a two-headed ogre
 12132 | D:10     | Identified the +4 helmet of Meliown {+Blink Dex+3} (Okawaru
                  | gifted it to you on level 10 of the Dungeon)
 12132 | D:10     | Received a gift from Okawaru
 12748 | Orc:1    | Entered Level 1 of the Orcish Mines
 12825 | Orc:2    | Entered Level 2 of the Orcish Mines
 12839 | Orc:2    | Found a roughly hewn altar of Beogh.
 12937 | Orc:2    | Noticed an orc warlord
 12944 | Orc:2    | Noticed Sonja
 12950 | Orc:2    | Reached skill level 1 in Invocations
 12953 | Orc:2    | Killed Sonja
 12954 | Orc:2    | Reached skill level 10 in Armour
 12954 | Orc:2    | Reached skill level 1 in Evocations
 12954 | Orc:2    | Reached XP level 12. HP: 87/108 MP: 11/13
 12989 | Orc:2    | Killed an orc warlord
 13292 | D:11     | Reached skill level 16 in Axes
 13444 | D:11     | Found a frozen archway.
 13451 | IceCv    | Entered an ice cave
 13879 | IceCv    | Received a gift from Okawaru
 13919 | IceCv    | Noticed a reaper
 13920 | IceCv    | Got Hiw Mac's Anthology of Unified Snow
 13924 | IceCv    | Slain by a reaper

Illustrated notes

Levels and vault maps discovered:
D:1:      evilmike_arrival_hilbert_curve, layout_rooms
D:2:      layout_basic, serial_shops, nicolae_shop_waterfront, corner_web_ring,
          uniq_jessica
D:3:      layout_rooms, nicolae_gozag_cash_rules_everything_around_me,
          ebering_ghost_rock_garden, minmay_misc_feat_columns, minmay_puff
D:4:      layout_rooms, mainiacjoe_overflow_tiny_flanked,
          mainiacjoe_overflow_catwalk, kennysheep_crisscross, uniq_ijyb,
          uniq_blork_the_orc
D:5:      corexii_shack_village, layout_basic, lemuel_tele_altar,
          grunt_decor_cap, minmay_misc_feat_tower, st_stairs_13,
          minmay_fractal_squares_5
D:6:      layout_loops_corners, kennysheep_okawaru_gauntlet,
          mainiacjoe_overflow_surrounded_room, minmay_temple_entry_junction
D:7:      layout_gridville, mainiacjoe_overflow_small_starburst,
          grunt_ogre_cave, hellmonk_bongcloud_opening, uniq_prince_ribbit1
D:8:      layout_basic, fedhas_altar_1, uniq_pikel
D:9:      layout_rooms, mainiacjoe_overflow_paths,
          eat_drink_and_be_merry_uskayaw, mainiacjoe_overflow_24_doors,
          david_defended_altar_orc
D:10:     layout_irregular_city, david_lair_generic, zombieorc1_lemuel
D:11:     layout_loops_cross, portal_ice_cave_rime, amcnicky_mini_pool_medium
Orc:1:    layout_caves, nicolae_orc_stony_grotto
Orc:2:    grunt_orc_community_town_hall, layout_caves,
          grunt_orc_community_big_house_2, grunt_orc_community_big_house_1,
          grunt_orc_community_house_1, grunt_orc_community_house_1,
          grunt_orc_community_house_3, grunt_orc_community_house_1,
          grunt_orc_community_house_1, grunt_orc_community_house_2, uniq_sonja
IceCv:    ice_cave_caverns_02

Skill      XL: |  1  2  3  4  5  6  7  8  9 10 11 12 |
---------------+-------------------------------------+-----
Axes           | 3 4 5 6 7 9 11 13 15 16 | 16.3
Fighting       | 4 5 6 7 8 9 10 11 | 11.4
Armour         | 4 5 6 7 8 10 | 10.4
Shields        | 4 5 6 7 |  7.0
Throwing       | 4 7 8 |  8.1
Invocations    | 1 3 |  3.9
Evocations     | 1 2 |  2.8

Action                   |  1- 3 |  4- 6 |  7- 9 | 10-12 || total
-------------------------+-------+-------+-------+-------++-------
Melee: War axe           |   135 |   102 |   252 |    37 ||   526
       Battleaxe         |       |       |       |   357 ||   357
Throw: Dart              |       |       |       |    17 ||    17
Invok: Heroism           |       |       |       |     1 ||     1
       Finesse           |       |       |       |     1 ||     1
  Use: Scroll            |       |     3 |     2 |    11 ||    16
       Potion            |       |       |     1 |       ||     1
Armor: Scale mail        |    62 |    44 |   127 |     3 ||   236
       Plate armour      |       |       |       |   201 ||   201
       Acid dragon scale |       |       |       |     3 ||     3
Dodge: Dodged            |    67 |    36 |    88 |   116 ||   307
Block: Buckler           |    39 |    21 |    60 |     6 ||   126
